 Dungeon Crawl Stone Soup version 0.20-b1 (webtiles) character file.

819 MTVSty1e the Skirmisher (level 7, 0/57 HPs)
             Began as a Demonspawn Gladiator on May 18, 2017.
             Killed by divine providence
             ... invoked by an orc priest
              (8 damage)
             ... on level 4 of the Dungeon.
             The game lasted 00:08:35 (2892 turns).

MTVSty1e the Skirmisher (Demonspawn Gladiator)      Turns: 2892, Time: 00:08:35

Health: 0/57       AC: 14    Str: 16    XL:     7   Next: 63%
Magic:  7/7        EV: 12    Int:  9    God:
Gold:   106        SH:  0    Dex: 15    Spells: 6/6 levels left

rFire    x . .     SeeInvis .   m - +2 spear (freeze)
rCold    + + +     Gourm    .   (no shield)
rNeg     . . .     Faith    .   k - +0 scale mail
rPois    .         Spirit   .   c - +0 helmet
rElec    .         Reflect  .   i - +0 cloak
rCorr    .         Harm     .   (no gloves)
MR       .....                  h - +0 pair of boots
Stlth    +.........             g - amulet of regeneration
Regen    0.6/turn               l - ring of ice
MPRegen  0.1/turn               (no ring)

@: no status effects
A: icy blue scales 3, cold resistance 1, nightstalker 1
a: no special abilities


You were on level 4 of the Dungeon.
You were not hungry.

You visited 1 branch of the dungeon, and saw 4 of its levels.

You collected 106 gold pieces.

Inventory:

Hand Weapons
 a - a +0 war axe
 m - a +2 spear of freezing (weapon)
Missiles
 d - 5 throwing nets (quivered)
Armour
 c - a +0 helmet (worn)
 h - a +0 pair of boots (worn)
 i - a +0 cloak (worn)
 k - a +0 scale mail (worn)
Jewellery
 g - an amulet of regeneration (around neck)
 l - a ring of ice (left hand)
Scrolls
 b - a scroll of identify
Comestibles
 f - 3 bread rations


   Skills:
 * Level 5.7 Fighting
 - Level 4.0(4.1) Axes
 + Level 1.0(2.7) Polearms
 - Level 1.7 Throwing
 + Level 3.3 Armour
 + Level 4.3 Dodging


You had 6 spell levels left.
You didn't know any spells.

Dungeon Overview and Level Annotations

Branches:
Dungeon (4/15)             Temple (0/1) D:4

Altars:
The Shining One


Innate Abilities, Weirdness & Mutations

You are completely covered in icy blue scales. (AC +4, rC+)
Your flesh is cold resistant. (rC+)
You are slightly more attuned to the shadows.


Message History

* * * LOW HITPOINT WARNING * * *
The orc priest hits you but does no damage.
You hit the orc priest. You freeze the orc priest.
The orc priest is severely wounded.
The orc barely misses you. The orc priest hits you with a dagger.
* * * LOW HITPOINT WARNING * * *
The worm bites you but does no damage.
You barely miss the orc priest.
The orc priest is severely wounded.
The orc hits you but does no damage. The orc priest barely misses you.
You barely miss the orc priest.
The orc priest is severely wounded.
The worm misses you.
The orc priest hits you but does no damage.
The orc closely misses you.
You closely miss the orc priest.
The orc priest is severely wounded.
The orc priest mumbles some strange prayers to Beogh against you.
Beogh smites you!
You die...

≈≈**,*#.#...#*#.# #.#
≈≈**,*#.#.#.# #.# #.#
,,,,,*#.....# #.####**###
#.#****
******#..)#####....,,,..#
#.#*,,, * #.........#*****#.#
#.#*,** * #...w)....# #.# #.#*,*
* #....###..#######.###.#*,* *
#...#.##.wo......>....#*,* *
#........o@...##.........#
******#######...#...##...#######
,,,,,,,,,.(.....###.######
*********#####..# .# #### .# #


You could see a worm, an orc priest and an orc.

Vanquished Creatures
  A gnoll sergeant (D:2)
  3 orc priests (D:3)
  Crazy Yiuf (D:3)
  2 gnoll shamans (D:3)
  Jessica (D:3)
  An orc wizard (D:3)
  Terence (D:3)
  40 gnolls
  An adder (D:3)
  A river rat (D:4)
  An ooze (D:3)
  A worm (D:3)
  2 dart slugs
  2 leopard geckos
  11 orcs
  A ball python (D:4)
  2 giant cockroaches
  2 goblins
  9 hobgoblins
  17 jackals
  A quokka (D:2)
  A bat (D:1)
  3 kobolds
  5 rats
110 creatures vanquished.

Notes
Turn   | Place    | Note
-------+----------+-------------------------------------------
     0 | D:1      | MTVSty1e the Demonspawn Gladiator began the quest for the Orb.
     0 | D:1      | Reached XP level 1. HP: 16/16 MP: 1/1
   246 | D:1      | Gained mutation: You are partially covered in icy blue scales. (AC +2) [demonic ancestry]
   246 | D:1      | Reached XP level 2. HP: 23/23 MP: 2/2
   705 | D:2      | Reached skill level 1 in Armour
  1053 | D:2      | Gained mutation: You are mostly covered in icy blue scales. (AC +3) [demonic ancestry]
  1053 | D:2      | Reached XP level 3. HP: 26/28 MP: 3/3
  1118 | D:3      | HP: 1/28 [orc priest/hand axe (4)]
  1126 | D:3      | Gained mutation: Your flesh is cold resistant. (rC+) [demonic ancestry]
  1126 | D:3      | Reached XP level 4. HP: 25/34 MP: 4/4
  1167 | D:3      | Noticed Terence
  1176 | D:3      | Reached skill level 3 in Fighting
  1188 | D:3      | Killed Terence
  1285 | D:3      | Found a runed door.
  1348 | D:3      | Gained mutation: You are slightly more attuned to the shadows. [demonic ancestry]
  1348 | D:3      | Reached XP level 5. HP: 40/41 MP: 5/5
  1453 | D:2      | Reached skill level 4 in Fighting
  1634 | D:2      | Gained mutation: You are completely covered in icy blue scales. (AC +4, rC+) [demonic ancestry]
  1634 | D:2      | Reached XP level 6. HP: 4/48 MP: 6/6
  1836 | D:3      | Noticed Jessica
  1853 | D:3      | Killed Jessica
  2104 | D:3      | Noticed Crazy Yiuf
  2111 | D:3      | Killed Crazy Yiuf
  2299 | D:3      | Reached XP level 7. HP: 55/55 MP: 7/7
  2362 | D:3      | Reached skill level 5 in Fighting
  2795 | D:4      | Found a glowing golden altar of the Shining One.
  2856 | D:4      | Reached skill level 1 in Polearms
  2892 | D:4      | Killed from afar by an orc priest

Skill      XL: |  1  2  3  4  5  6  7 |
---------------+----------------------+-----
Armour         | 1 2 3 |  3.3
Dodging        | 3 4 |  4.3
Axes           | 3 4 |  4.0
Fighting       | 3 4 5 |  5.7
Polearms       | 1 |  1.0
Throwing       | |  1.7

Action                   |  1- 3 |  4- 6 |  7- 9 || total
-------------------------+-------+-------+-------++-------
Melee: War axe           |    89 |   160 |    17 ||   266
       Spear             |       |       |   116 ||   116
  Use: Potion            |     1 |     4 |     1 ||     6
       Scroll            |       |     5 |     2 ||     7
 Stab: Sleeping          |     1 |       |       ||     1
       Distracted        |       |       |     1 ||     1
  Eat: Meat ration       |     1 |       |     1 ||     2
Armor: Leather armour    |     4 |       |       ||     4
       Scale mail        |    44 |    85 |    80 ||   209
Dodge: Dodged            |    45 |   118 |    86 ||   249
